 Dungeon Crawl Stone Soup version 0.18.1-50-g88ac8fd (webtiles) character file.

17733 nikopol the Cleaver (level 12, -1/165 HPs)
             Began as a Minotaur Berserker on Sept 23, 2016.
             Was a High Priest of Trog.
             Slain by a frost giant
             ... wielding a +2 battleaxe of freezing
              (15 damage)
             ... on level 12 of the Dungeon.
             The game lasted 00:27:48 (10530 turns).

nikopol the Cleaver (Minotaur Berserker)           Turns: 10530, Time: 00:27:49

Health: -1/165     AC: 17    Str: 28    XL:     12   Next: 21%
Magic:  0/11       EV: 16    Int:  4    God:    Trog [*****.]
Gold:   798        SH:  0    Dex: 19    Spells: 0 memorised, 11 levels left

rFire  . . .     SeeInvis +     a - +9 hand axe "Orb Guardian's Foe" {chop, rN++ Dex+5}
rCold  + . .     Gourm    .     C - +0 chain mail
rNeg   + + .     Faith    .     (no shield)
rPois  .         Spirit   +     (helmet restricted)
rElec  .         Dismiss  .     r - +0 cloak
rCorr  .         Reflect  .     i - +1 pair of gloves
SustAt .         Harm     .     p - +0 pair of boots
MR     .....                    k - amulet of guardian spirit
Stlth  ..........               (no ring)
                                l - ring of see invisible

@: berserking, lethally poisoned (-1 -> -10), very quick, not resistant to
hostile enchantments, extremely unstealthy
A: retaliatory headbutt, horns 2, cold resistance 1
a: Berserk, Trog's Hand, Brothers in Arms, Burn Spellbooks, Renounce Religion


You were on level 12 of the Dungeon.
You worshipped Trog.
Trog was extremely pleased with you.
You were not hungry.

You visited 1 branch of the dungeon, and saw 12 of its levels.
You also visited: Sewer.

You collected 798 gold pieces.

Inventory:

Hand Weapons
 a - the +9 hand axe "Orb Guardian's Foe" (weapon) {chop, rN++ Dex+5}
   (You found it on level 4 of the Dungeon)

   It inflicts extra damage upon your enemies.
   It affects your dexterity (+5).
   It greatly protects you from negative energy.
 z - a +2 shortbow of evasion
Missiles
 N - 208 arrows (quivered)
Armour
 b - a +0 animal skin
 g - a +0 ring mail
 i - a +1 pair of gloves (worn)
 p - a +0 pair of boots (worn)
 r - a +0 cloak (worn)
 C - a +0 chain mail (worn)
Jewellery
 d - an uncursed amulet of magic regeneration {unknown}
 h - a cursed -5 ring of strength {unknown}
 k - an amulet of guardian spirit (around neck)
 l - a ring of see invisible (left hand)
 L - an uncursed ring of poison resistance {unknown}
 P - an uncursed ring of flight {unknown}
 U - an uncursed amulet of magic regeneration {unknown}
Wands
 M - a wand of acid (6/15)
 Q - a wand of random effects (40/48)
 S - a wand of polymorph (16/24)
 T - a wand of slowing (21/48)
 V - a wand of flame (4/48)
 W - a wand of teleportation (6/9)
 X - a wand of slowing (17/48)
Scrolls
 v - a scroll of fear
 x - 2 scrolls of enchant armour
 y - 3 scrolls of teleportation
 A - a scroll of enchant weapon
 D - 4 scrolls of remove curse
 H - 2 scrolls of magic mapping
 J - a scroll of acquirement {unknown}
 K - a scroll of blinking
 Y - a scroll of identify
Potions
 e - a potion of cure mutation
 j - 2 potions of mutation {unknown}
 m - 2 potions of heal wounds
 n - 4 potions of brilliance
 o - a potion of ambrosia {unknown}
 q - 5 potions of curing
 s - 4 potions of flight
 t - a potion of might
 E - a potion of cancellation {unknown}
 F - a potion of haste {unknown}
 G - 4 potions of agility
 R - 2 potions of magic
Comestibles
 c - 5 bread rations
 f - 3 slices of pizza
 u - 3 beef jerkies
 w - 8 meat rations
 B - 10 fruits
 I - 2 chunks of flesh
 Z - 11 royal jellies


   Skills:
 + Level 11.4 Fighting
 * Level 12.8 Axes
 * Level 7.8 Bows
 + Level 11.0 Armour
 + Level 10.3 Dodging


You had 11 spell levels left.
You didn't know any spells.

Dungeon Overview and Level Annotations

Branches:
Dungeon (12/15)            Temple (0/1) D:7            Lair (0/8) D:11
    Orc (0/2) D:12

Altars:
Nemelex Xobeh
Okawaru
Ru
Trog
Xom
Jiyva

Shops:
D:6 (   D:10 =


Innate Abilities, Weirdness & Mutations

You reflexively headbutt those who attack you in melee.
You have a pair of horns on your head.
Your flesh is cold resistant.


Message History

The seven-headed hydra closely misses you.
The seven-headed hydra bites you.
* * * LOW HITPOINT WARNING * * *
The seven-headed hydra bites you.
* * * LOW HITPOINT WARNING * * *
The seven-headed hydra bites you but does no damage.
The seven-headed hydra bites you!
* * * LOW HITPOINT WARNING * * *
The seven-headed hydra bites you but does no damage.
You chop one of the seven-headed hydra's heads off!
The six-headed hydra grows two more!
You slice the eight-headed hydra!!
You kill the eight-headed hydra!
Trog accepts your kill.
Your Armour skill increases to level 11!
You hit the frost giant but do no damage.
You feel sick.
You hit the frost giant.
The frost giant is lightly wounded.
The frost giant hits you with a battleaxe of freezing!
You die...

# #..# ######...# ###..#
#........#
.##..####.####...################
≈≈≈≈≈≈≈≈≈≈≈≈≈≈≈≈≈≈≈≈≈≈≈≈.........
≈#### #################≈.........
≈# #≈......... ≈# #≈......... ≈#
################ #≈.........
≈#..#...........@†$#..#≈.........
≈#..#...........)C.#..#≈.........
≈#..#..##########(.#..#≈.........
≈#..#..# ..#..#≈.........
≈#..#..# Y.#..#≈.........
≈#..#..# .(#..#≈.########
≈#..'..# ..#..'≈.# ≈#..'..#
..#..').# ≈#..#..# #..#†.#


You could see a frost giant and an elephant shaped shifter.

Vanquished Creatures
  A vampire knight (D:12)
  The ghost of go0n the Cleaver, a journeyman MiFi of Okawaru (D:11)
  A hydra (D:12)
  A tengu warrior (D:12)
  4 hill giants
  A wizard (D:12)
  4 ugly things (D:12)
  3 cyclopes
  A manticore (D:12)
  A gargoyle (D:11)
  2 trolls (D:9)
  A two-headed ogre (D:12)
  2 wraiths
  A shadow (D:12)
  A wyvern (D:8)
  5 yaks (D:11)
  3 hippogriffs
  2 vampire mosquitoes (D:12)
  2 water moccasins
  Purgy (Sewer)
  A sky beast (D:7)
  7 ice beasts
  2 phantoms
  3 orc warriors
  A black bear (D:6)
  8 ogres
  A wasp (D:12)
  7 centaurs
  A crocodile (D:12)
  2 big kobolds (D:9)
  A wyvern zombie (D:12)
  7 giant frogs
  A scorpion (D:11)
  2 water moccasin skeletons (D:9)
  4 killer bees (D:9)
  3 wights (D:11)
  2 electric eels (D:12)
  4 crimson imps
  A wasp zombie (D:12)
  2 giant frog zombies
  4 centaur zombies
  6 hounds
  An orc priest (D:5)
  7 jellies
  2 giant frog skeletons
  12 orc wizards
  A water moccasin simulacrum (D:12)
  A centaur skeleton (D:5)
  4 iguanas
  11 worker ants
  A killer bee zombie (D:10)
  16 adders
  5 shadow imps
  5 oozes (D:10)
  2 worms
  A dart slug (D:1)
  4 giant geckos
  39 orcs
  A ball python (Sewer)
  6 giant cockroaches
  9 goblins
  9 hobgoblins
  11 jackals
  12 kobolds
  5 quokkas
  12 bats
  A giant gecko skeleton (D:6)
  A giant gecko zombie (D:5)
  9 giant newts
  8 rats
304 creatures vanquished.

Notes
Turn   | Place    | Note
--------------------------------------------------------------
     0 | D:1      | nikopol the Minotaur Berserker began the quest for the Orb.
     0 | D:1      | Reached XP level 1. HP: 19/19 MP: 0/0
   288 | D:1      | Reached XP level 2. HP: 26/27 MP: 1/1
   380 | D:1      | Found a sparkling altar of Nemelex Xobeh.
   450 | D:1      | Reached ** piety under Trog
   851 | D:2      | Found a sacrificial altar of Ru.
   864 | D:2      | Reached XP level 3. HP: 33/33 MP: 2/2
   872 | D:2      | Found an iron altar of Okawaru.
   929 | D:2      | Found a bloodstained altar of Trog.
   980 | D:2      | Reached skill level 4 in Axes
  1528 | D:3      | Reached XP level 4. HP: 41/41 MP: 3/3
  1798 | D:3      | Reached *** piety under Trog
  1812 | D:3      | Noticed a phantom
  1853 | D:3      | Killed a phantom
  1853 | D:3      | Reached skill level 5 in Fighting
  1853 | D:3      | Reached XP level 5. HP: 30/48 MP: 4/4
  2388 | D:4      | Found a glowing drain.
  2404 | Sewer    | Entered a sewer
  2454 | Sewer    | Noticed Purgy
  2461 | Sewer    | Killed Purgy
  2461 | Sewer    | Reached skill level 5 in Axes
  2461 | Sewer    | Reached XP level 6. HP: 56/56 MP: 5/5
  3288 | D:4      | Got a bloodstained hand axe
  3289 | D:4      | Identified the +9 hand axe "Orb Guardian's Foe" {chop, rN++ Dex+5} (You found it on level 4 of the Dungeon)
  3473 | D:5      | Entered Level 5 of the Dungeon
  3485 | D:5      | Reached XP level 7. HP: 62/62 MP: 6/6
  3520 | D:5      | Reached skill level 5 in Armour
  3575 | D:5      | Reached skill level 5 in Dodging
  3580 | D:5      | Reached **** piety under Trog
  3601 | D:5      | Gained mutation: Your flesh is cold resistant. [potion of beneficial mutation]
  3650 | D:5      | Reached skill level 6 in Axes
  4092 | D:6      | Reached XP level 8. HP: 62/71 MP: 7/7
  4231 | D:6      | Found Zaggics's Antique Weapon Boutique.
  4269 | D:6      | Found a shimmering altar of Xom.
  4294 | D:6      | Found a shimmering altar of Xom.
  4295 | D:6      | Found a shimmering altar of Xom.
  4296 | D:6      | Found a shimmering altar of Xom.
  4479 | D:6      | You fall through a shaft for 3 floors!
  4513 | D:9      | Reached skill level 7 in Axes
  4577 | D:9      | Noticed a troll
  4588 | D:9      | Killed a troll
  4592 | D:9      | Noticed a troll
  4604 | D:9      | Killed a troll
  4604 | D:9      | Reached XP level 9. HP: 30/81 MP: 2/8
  4915 | D:9      | Reached skill level 8 in Axes
  5362 | D:7      | Found a staircase to the Ecumenical Temple.
  6182 | D:8      | Reached skill level 9 in Axes
  6989 | D:9      | Reached ***** piety under Trog
  7082 | D:9      | Reached XP level 10. HP: 91/91 MP: 9/9
  7296 | D:10     | Entered Level 10 of the Dungeon
  7312 | D:10     | Received a gift from Trog
  7644 | D:10     | Found Qarien's Jewellery Shop.
  7763 | D:10     | Reached skill level 1 in Bows
  7775 | D:10     | Found a viscous altar of Jiyva.
  8099 | D:11     | Noticed go0n's ghost (journeyman MiFi)
  8114 | D:11     | Killed go0n's ghost
  8114 | D:11     | Reached skill level 10 in Axes
  8258 | D:11     | Noticed a cyclops
  8260 | D:11     | Noticed a cyclops
  8268 | D:11     | Killed a cyclops
  8268 | D:11     | Reached skill level 10 in Fighting
  8271 | D:11     | Killed a cyclops
  8301 | D:11     | Noticed a gargoyle
  8307 | D:11     | HP: 3/93 [gargoyle/stone arrow (10)]
  8312 | D:11     | Killed a gargoyle
  8655 | D:11     | Found a staircase to the Lair.
  8685 | D:11     | Reached XP level 11. HP: 101/101 MP: 10/10
  8733 | D:11     | Reached skill level 11 in Axes
  8834 | D:11     | Noticed a hill giant
  8845 | D:11     | Killed a hill giant
  8845 | D:11     | Reached skill level 5 in Bows
  8845 | D:11     | Reached skill level 10 in Armour
  9194 | D:12     | Noticed a brown ugly thing
  9203 | D:12     | Killed a brown ugly thing
  9245 | D:12     | Noticed a hill giant
  9251 | D:12     | Noticed a purple ugly thing
  9257 | D:12     | Killed a hill giant
  9269 | D:12     | Killed a purple ugly thing
  9545 | D:12     | Received a gift from Trog
  9758 | D:12     | Found a staircase to the Orcish Mines.
  9891 | D:12     | Noticed a hill giant
  9899 | D:12     | Killed a hill giant
  9899 | D:12     | Reached skill level 12 in Axes
 10064 | D:12     | Noticed a hill giant
 10075 | D:12     | Killed a hill giant
 10283 | D:12     | Noticed a wizard
 10295 | D:12     | Killed a wizard
 10295 | D:12     | Reached skill level 10 in Dodging
 10428 | D:12     | Noticed a tengu warrior
 10446 | D:12     | Killed a tengu warrior
 10507 | D:12     | Noticed a green ugly thing
 10507 | D:12     | Noticed a wizard
 10507 | D:12     | Noticed a frost giant
 10508 | D:12     | Noticed a sea snake
 10509 | D:12     | Noticed a vampire knight
 10510 | D:12     | Noticed a brown ugly thing
 10512 | D:12     | Noticed a four-headed hydra
 10519 | D:12     | Killed a green ugly thing
 10519 | D:12     | Reached XP level 12. HP: 81/110 MP: 7/11
 10523 | D:12     | Received a gift from Trog
 10527 | D:12     | Killed a vampire knight
 10529 | D:12     | Killed an eight-headed hydra
 10530 | D:12     | Slain by a frost giant

Skill      XL: |  1  2  3  4  5  6  7  8  9 10 11 12 |
---------------+-------------------------------------+-----
Fighting       | 4 5 6 8 9 10 11 | 11.4
Armour         | 3 4 5 7 8 9 10 11 | 11.0
Axes           | 4 5 6 7 9 10 12 | 12.8
Dodging        | 3 4 5 7 8 9 10 | 10.3
Bows           | 4 7 |  7.8

Action                   |  1- 3 |  4- 6 |  7- 9 | 10-12 || total
-------------------------+-------+-------+-------+-------++-------
Melee: Hand axe          |    89 |   105 |   206 |   275 ||   675
       Headbutt          |    14 |    14 |    47 |    71 ||   146
 Fire: Shortbow          |       |       |    13 |   166 ||   179
Invok: Berserk           |       |     1 |     2 |     3 ||     6
       Burn Spellbooks   |       |       |     1 |       ||     1
  Use: Scroll            |       |     5 |     7 |    10 ||    22
       Potion            |       |       |     1 |     2 ||     3
  Eat: Chunk             |     2 |     7 |    14 |    13 ||    36
Armor: Ring mail         |    38 |    53 |       |       ||    91
       Chain mail        |       |     9 |    97 |   100 ||   206
Dodge: Dodged            |    62 |    68 |   110 |   170 ||   410
